 Dungeon Crawl Stone Soup version 0.31-a0-4-gefa6de2278 (webtiles) character file.

Game seed: 3293564881085866269

17 qeuew the Trooper (level 2, -6/24 HPs)
             Began as a Demonspawn Monk on May 4, 2023.
             Mangled by a gnoll
             ... wielding a +1 whip of electrocution
              (7 damage)
             ... on level 1 of the Dungeon.
             The game lasted 00:00:31 (630 turns).

qeuew the Trooper (Demonspawn Monk)                  Turns: 630, Time: 00:00:31

Health: -6/24      AC:  2    Str: 11    XL:     2   Next: 44%
Magic:  2/2        EV: 13    Int: 11    God:
Gold:   50         SH:  0    Dex: 15    Spells: 1/1 levels left

rFire   . . .        a - +0 mace
rCold   . . .        d - orb {light}
rNeg    . . .        b - +0 robe
rPois   .            (helmet restricted)
rElec   .            (no cloak)
rCorr   .            (no gloves)
SInv    .            (no boots)
Will    .....        (no amulet)
Stlth   +            (no ring)
HPRegen 0.24/turn    (no ring)
MPRegen 0.08/turn

%: no passive effects
@: glowing
A: horns 1
a: no special abilities


You were on level 1 of the Dungeon.
You visited 1 branch of the dungeon, and saw 1 of its levels.

You collected 50 gold pieces.

Inventory:

Hand Weapons
 a - a +0 mace (weapon)
Armour
 b - a +0 robe (worn)
 d - an orb of light (worn)
Scrolls
 e - a scroll of teleportation {unknown}
 h - a scroll of amnesia {unknown}
Potions
 c - a potion of ambrosia
 f - a potion of haste {unknown}
 g - a potion of might {unknown}


   Skills:
 + Level 3.2 Fighting
 + Level 2.9 Maces & Flails
 + Level 0.7 Armour
 + Level 2.9 Dodging


You had one spell level left.
You didn't know any spells.
Your spell library was empty.

Dungeon Overview and Level Annotations

Branches:
Dungeon (1/15)

Altars:

Shops:
D:1 *


Innate Abilities, Weirdness & Mutations

You have a pair of small horns on your head.


Message History

The ball python hisses angrily.
A ball python is nearby!
You barely miss the ball python. The ball python barely misses you. x2
A ball python is nearby!
A ball python is nearby!
You barely miss the ball python. You headbutt the ball python.
You kill the ball python!
A rat comes into view.
A rat is nearby!
A rat is nearby!
You hit the rat.
You kill the rat!
You see here a rat corpse.
You see here a rat corpse.
There is a stone staircase leading down here.
A gnoll comes into view.
It is wielding a +1 whip of electrocution.
A gnoll is nearby!
A gnoll is nearby!
The gnoll closely misses you.
A gnoll is nearby!
You hit the gnoll.
The gnoll is heavily wounded.
The gnoll hits you with a +1 whip of electrocution.
A gnoll is nearby!
A gnoll is nearby!
You barely miss the gnoll.
The gnoll is heavily wounded.
The gnoll closely misses you.
A gnoll is nearby!
You hit the gnoll.
The gnoll is severely wounded.
The gnoll closely misses you.
The gnoll hits you with a +1 whip of electrocution.
You are electrocuted!
Ouch! That really hurt!
* * * LOW HITPOINT WARNING * * *
You barely miss the gnoll.
The gnoll is severely wounded.
The gnoll hits you with a +1 whip of electrocution!
You die...

.........)...........#
...###...............#
#...................##
###.##.........(...##
##................##
.......#########.##
###.##.# #.# ..#.##.#
#.# #.#.# # #@# #.#.#
#g# # #.# #.# # ..#
#.# # ## #.# # ..# #
### .


You could see a gnoll.

Vanquished Creatures
  A dart slug (D:1)
  2 giant cockroaches (D:1)
  2 goblins (D:1)
  A hobgoblin (D:1)
  2 jackals (D:1)
  2 ball pythons (D:1)
  A bat (D:1)
  3 frilled lizards (D:1)
  A rat (D:1)
15 creatures vanquished.

Notes
Turn   | Place    | Note
-------+----------+-------------------------------------------
     0 | D:1      | qeuew the Demonspawn Monk began the quest for the Orb.
     0 | D:1      | Reached XP level 1. HP: 18/18 MP: 1/1
   113 | D:1      | Gained mutation: You have a pair of small horns on your
                  | head. [demonic ancestry]
   113 | D:1      | Reached XP level 2. HP: 11/24 MP: 2/2
   303 | D:1      | Found Mujeupp's General Store.
   629 | D:1      | HP: 1/24 [gnoll/+1 whip of electrocution (17)]
   630 | D:1      | Mangled by a gnoll

Illustrated notes

Levels and vault maps discovered:
D:1:      psy_arrival_basics, layout_loops_ring, serial_shops, shop,
          minivault_11

Action                     || total
---------------------------++-------
  Melee: Mace              ||    44
         Headbutt          ||     6
 Armour: Robe              ||     8
  Dodge: Dodged            ||    29

Table legend: (Time is in decaauts)
 A = Elapsed time spent in this place.
 B = Non-inter-level travel time spent in this place.
 C = Inter-level travel time spent in this place.
 D = Time resting spent in this place.
 E = Time spent auto-exploring this place.
 F = Levels seen in this place.
 G = Mean time per level.
                   A        B        C        D        E       F      G
               +--------+--------+--------+--------+--------+-----+--------+
         Total |    641 |    641 |      0 |      0 |    523 |   1 |  641.0 |
       Dungeon |    641 |    641 |      0 |      0 |    523 |   1 |  641.0 |
               +--------+--------+--------+--------+--------+-----+--------+

Top non-repeatable levels by time:
     D:1: 641 daAuts
